 Dungeon Crawl Stone Soup version 0.32-a0-900-g30fb1b0edc (webtiles) character file.

Game seed: 8953005486620707479

18 RBrandon the Digger (level 2, -6/20 HPs)
             Began as a Mountain Dwarf Earth Elementalist on Apr 5, 2024.
             Mangled by a ribbon worm (8 damage)
             ... on level 2 of the Dungeon.
             The game lasted 00:01:55 (939 turns).

RBrandon the Digger (MDEE)                           Turns: 939, Time: 00:01:56

Health: -6/20      AC:  2    Str: 10    XL:     2   Next: 51%
Magic:  3/5        EV:  5    Int: 15    God:
Gold:   61         SH:  0    Dex: 10    Spells: 5/6 levels left

rFire   . . .        (no weapon)
rCold   . . .        (no shield)
rNeg    . . .        a - +0 robe
rPois   .            (no helmet)
rElec   .            (no cloak)
rCorr   .            (no gloves)
SInv    .            (no boots)
Will    .....        (no amulet)
Stlth   ++           (no ring)
HPRegen 0.23/turn    (no ring)
MPRegen 0.09/turn

%: no passive effects
@: held
A: runic magic, artefact enchanting
a: no special abilities


You were on level 2 of the Dungeon.
You visited 1 branch of the dungeon, and saw 2 of its levels.

You collected 61 gold pieces.

Inventory:

Armour
 a - a +0 robe (worn)
 d - a +0 chain mail
Scrolls
 c - 3 scrolls of identify {unknown}
 e - 3 scrolls of immolation {unknown}
 f - a scroll of teleportation {unknown}
 h - a scroll of fog {unknown}
Potions
 b - a potion of magic
 g - a potion of berserk rage {unknown}


   Skills:
 - Level 1.4 Dodging
 - Level 1.4 Stealth
 + Level 2.6 Spellcasting
 - Level 0.9 Conjurations
 - Level 3.3 Earth Magic


You had 5 spell levels left.
You knew the following spells:

 Your Spells              Type           Power      Damage    Failure   Level
a - Sandblast             Erth           22%        2d7       5%          1

Your spell library contained the following spells:

 Spells                   Type           Power      Damage    Failure   Level
 Passwall                 Erth           11%        N/A       16%         3
 Stone Arrow              Conj/Erth      16%        3d8       26%         3
 Dazzling Flash           Conj/Hex       6%         N/A       45%         3
 Mephitic Cloud           Conj/Alch/Air  2%         N/A       50%         3
 Brom's Barrelling Bould  Conj/Erth      8%         2d3       65%         4
 Petrify                  Alch/Erth      6%         N/A       71%         4
 Curse of Agony           Necr           1%         N/A       99%         5
 Silence                  Hex/Air        0%         N/A       99%         5


Dungeon Overview and Level Annotations

Branches:
Dungeon (2/15)

Altars:


Innate Abilities, Weirdness & Mutations

Your spellcasting is much less encumbered by armour.
You can use scrolls of enchantment on lesser artefacts.


Message History

Aiming: Sandblast (safe; 5% risk of failure)
Press: ? - help, Q - select action Shift-Dir - straight line, f/p - ribbon worm
Aim: a ribbon worm (severely wounded, 94% to hit)
The blast of sand hits the ribbon worm.
The ribbon worm is almost dead.
The ribbon worm expels a string of sticky webbing.
The stream of webbing hits you but does no damage.
You are caught in a web!
The ribbon worm attacks as it pursues you!
The ribbon worm bites you but does no damage.
There is a stone staircase leading down here.
The ribbon worm expels a string of sticky webbing.
The stream of webbing misses you. The ribbon worm bites you.
The ribbon worm expels a string of sticky webbing.
The stream of webbing hits you but does no damage.
You are caught in a web!
There is a web here.
The web tears apart.
The ribbon worm bites you!
* * * LOW HITPOINT WARNING * * *
The ribbon worm expels a string of sticky webbing.
The stream of webbing hits you but does no damage.
You are caught in a web!
There is a web here.
You struggle to detach yourself from the web.
The ribbon worm bites you!
* * * LOW HITPOINT WARNING * * *
You struggle to detach yourself from the web.
The bat hits you.
* * * LOW HITPOINT WARNING * * *
The ribbon worm barely misses you.
The web tears apart.
The ribbon worm expels a string of sticky webbing.
The stream of webbing hits you but does no damage.
You are caught in a web!
The ribbon worm bites you but does no damage.
You struggle to detach yourself from the web.
The bat closely misses you. The ribbon worm bites you!
You die...

########## #......... ##
#.#######. .w #.#######.
##.#############......w..
###...#..!@w........######.
...#......w######..#####.#
#.....b................##
#...#.###.#.......#####.#
.#.........####..######.
#...#)###.### #.........
..b..##.# #># ##.#######
..... #.# #.# #.# ..# #<#
#.# #.#


You could see 2 ribbon worms and a bat.

Vanquished Creatures
  2 endoplasms (D:1)
  A giant cockroach (D:1)
  A hobgoblin (D:1)
  3 kobolds
  5 ball pythons (D:1)
  2 bats
  A frilled lizard (D:1)
  4 rats
19 creatures vanquished.

Notes
Turn   | Place    | Note
-------+----------+-------------------------------------------
     0 | D:1      | RBrandon the Mountain Dwarf Earth Elementalist began the
                  | quest for the Orb.
     0 | D:1      | Reached XP level 1. HP: 14/14 MP: 3/3
   247 | D:1      | Found a faded altar of an unknown god.
   291 | D:1      | Reached XP level 2. HP: 20/20 MP: 3/5
   937 | D:2      | HP: 1/20 [bat (1)]
   939 | D:2      | Mangled by a ribbon worm

Illustrated notes

Levels and vault maps discovered:
D:1:      onia_arrival_handbag, layout_rooms, basic_ecumenical_altar
D:2:      layout_loops_ring, kennysheep_small_spiral, minmay_statues_item,
          uniq_terence, uniq_robin, uniq_jessica

Skill      XL: |  1 |
---------------+----+-----
Spellcasting   | 2 |  2.6
Dodging        | |  1.4
Stealth        | |  1.4
Conjurations   | |  0.9
Earth Magic    | |  3.3

Action                     || total
---------------------------++-------
  Melee: Unarmed           ||     2
   Cast: Sandblast         ||    33
 Armour: Robe              ||    16
  Dodge: Dodged            ||    15

Table legend: (Time is in decaauts)
 A = Elapsed time spent in this place.
 B = Non-inter-level travel time spent in this place.
 C = Inter-level travel time spent in this place.
 D = Time resting spent in this place.
 E = Time spent auto-exploring this place.
 F = Levels seen in this place.
 G = Mean time per level.
                   A        B        C        D        E       F      G
               +--------+--------+--------+--------+--------+-----+--------+
         Total |    955 |    912 |     43 |     50 |    672 |   2 |  477.5 |
       Dungeon |    955 |    912 |     43 |     50 |    672 |   2 |  477.5 |
               +--------+--------+--------+--------+--------+-----+--------+

Top non-repeatable levels by time:
     D:1: 832 daAuts
     D:2: 123 daAuts

Levels and vault maps discovered:
D:1:      onia_arrival_handbag, layout_rooms, basic_ecumenical_altar
D:2:      layout_loops_ring, kennysheep_small_spiral, minmay_statues_item,
          uniq_terence, uniq_robin, uniq_jessica

Table legend: (Time is in decaauts)
 A = Elapsed time spent in this place.
 B = Non-inter-level travel time spent in this place.
 C = Inter-level travel time spent in this place.
 D = Time resting spent in this place.
 E = Time spent auto-exploring this place.
 F = Levels seen in this place.
 G = Mean time per level.
                   A        B        C        D        E       F      G
               +--------+--------+--------+--------+--------+-----+--------+
         Total |    955 |    912 |     43 |     50 |    672 |   2 |  477.5 |
       Dungeon |    955 |    912 |     43 |     50 |    672 |   2 |  477.5 |
               +--------+--------+--------+--------+--------+-----+--------+

Top non-repeatable levels by time:
     D:1: 832 daAuts
     D:2: 123 daAuts

Table legend:
 A = Kills in this place as a percentage of kills in the entire game.
 B = Kills by you in this place as a percentage of kills by you in the entire game.
 C = Kills by friends in this place as a percentage of kills by friends in the entire game.
 D = Other kills in this place as a percentage of other kills in the entire game.
 E = Experience gained in this place as a percentage of experience gained in the entire game.
 F = Experience gained in this place divided by the number of levels of this place that you have seen.
                   A       B       C       D       E      F
               +-------+-------+-------+-------+-------+----------------------
         Total | 100.0 | 100.0 |   N/A |   N/A | 100.0 |  13.5
       Dungeon | 100.0 | 100.0 |   N/A |   N/A | 100.0 |  13.5
               +-------+-------+-------+-------+-------+----------------------
